 Dungeon Crawl Stone Soup version 0.27-a0-1184-ge86db4a01e (webtiles) character file.

Game seed: 7904196418107293001

3819 st0uf the Cleaver (level 9, 0/79 HPs)
             Began as a Minotaur Abyssal Knight on May 18, 2021.
             Was a Priest of Lugonu.
             Splashed by Harold's acid (4 damage)
             ... on level 8 of the Dungeon.
             The game lasted 00:20:41 (8052 turns).

st0uf the Cleaver (Minotaur Abyssal Knight)         Turns: 8052, Time: 00:20:41

Health: 0/79       AC:  9    Str: 19    XL:     9   Next: 97%
Magic:  11/11      EV: 12    Int:  9    God:    Lugonu [***...]
Gold:   3          SH:  5    Dex: 11    Spells: 8/8 levels left

rFire    . . .     SeeInvis .   L - +3 broad axe (flame)
rCold    . . .     Faith    .   (no shield)
rNeg     . . .     Spirit   .   d - +1 ring mail {Will+}
rPois    .         Reflect  +   (helmet restricted)
rElec    .         Harm     .   o - +0 cloak
rCorr    +         Rampage  .   (no gloves)
Will     +....                  (no boots)
Stlth    +.........             i - amulet of reflection
HPRegen  0.23/turn              r - +4 ring of protection
MPRegen  0.12/turn              w - ring of resist corrosion

@: marked, corroded, studying Maces & Flails
A: horns 2, retaliatory headbutt
a: Renounce Religion, Depart the Abyss, Bend Space, Banish


You were on level 8 of the Dungeon.
You worshipped Lugonu.
Lugonu was most pleased with you.
You visited 2 branches of the dungeon, and saw 9 of its levels.
You visited the Abyss 1 time.

You collected 317 gold pieces.
You spent 314 gold pieces at shops.

Inventory:

Hand Weapons
 a - a +4 battleaxe
 F - a +5 hand axe of freezing
 L - a +3 broad axe of flaming (weapon)
Missiles
 y - a throwing net
 D - 114 arrows
Armour
 d - a +1 ring mail of willpower (worn)
 o - a +0 cloak (worn)
 K - +0 steam dragon scales
Jewellery
 i - an amulet of reflection (around neck)
 r - a +4 ring of protection (left hand)
 w - a ring of resist corrosion (right hand)
 G - a +4 ring of protection
 I - an amulet of faith
Wands
 q - a wand of paralysis (2)
 x - a wand of mindburst (11)
 B - a wand of polymorph (19)
 C - a wand of flame (12)
Scrolls
 c - 2 scrolls of acquirement {unknown}
 f - 3 scrolls of amnesia {unknown}
 g - a scroll of immolation {unknown}
 j - 7 scrolls of identify {unknown}
 k - 2 scrolls of blinking {unknown}
 l - 3 scrolls of magic mapping {unknown}
 n - a scroll of enchant armour {unknown}
 t - a scroll of silence {unknown}
 v - 2 scrolls of teleportation {unknown}
 A - 4 scrolls of enchant weapon {unknown}
 J - a scroll of noise {unknown}
Potions
 b - 2 potions of curing
 e - a potion of magic {unknown}
 h - a potion of attraction {unknown}
 m - a potion of cancellation {unknown}
 p - 4 potions of brilliance {unknown}
 s - a potion of mutation {unknown}
 u - a potion of haste
 z - a potion of ambrosia {unknown}


   Skills:
 + Level 7.6 Fighting
 + Level 10.9 Axes
 + Level 7.4 Armour
 + Level 4.3 Dodging
 + Level 1.8 Stealth
 + Level 4.3 Shields
 * Level 5.0 Invocations


You had 8 spell levels left.
You didn't know any spells.
Your spell library contained the following spells:

 Spells                   Type           Power      Damage    Failure   Level
 Beastly Appendage        Tmut           0%         N/A       54%         1
 Wereblood                Tmut           0%         N/A       69%         2
 Spider Form              Tmut/Pois      0%         N/A       89%         3
 Ice Form                 Ice/Tmut       0%         N/A       100%        4
 Hydra Form               Tmut           0%         N/A       100%        5


Dungeon Overview and Level Annotations

Branches:
Dungeon (8/15)             Temple (1/1) D:4            Lair (0/6) D:8

Altars:
Fedhas
Hepliaklqana
Nemelex Xobeh
Qazlal
Uskayaw
Vehumet
Zin

Shops:
D:4 :[?*(

Annotations:
D:2 1 runed translucent door, Crazy Yiuf
D:3 exclusion: 4 doors
D:8 Harold


Innate Abilities, Weirdness & Mutations

You have a pair of horns on your head.
You reflexively headbutt those who attack you in melee.


Message History

Harold is moderately wounded.
Harold zaps a wand.
The bolt of acid hits you! You resist. The acid corrodes you!
You are splashed with acid.
You resist.
You barely miss Harold.
Harold is moderately wounded.
Harold zaps a wand.
The bolt of acid hits you! You resist.
You are splashed with acid!
You resist.
* * * LOW HITPOINT WARNING * * *
You feel much better.
Harold hits you with a +3 long sword of protection!
You closely miss Harold.
Harold is moderately wounded.
Harold gestures at you while chanting.
You barely resist. You hit Harold. You burn Harold.
Your headbutt misses Harold.
Harold is moderately wounded.
You block Harold's attack.
You barely miss Harold.
Harold is moderately wounded.
Harold hits you with a +3 long sword of protection!
* * * LOW HITPOINT WARNING * * *
You barely miss Harold.
Harold is moderately wounded.
Harold closely misses you. You furiously retaliate!
You headbutt Harold.
You feel much better.
Harold hits you with a +3 long sword of protection!
You hit Harold but do no damage. You headbutt Harold, but do no damage.
Harold is moderately wounded.
Harold barely misses you. You furiously retaliate!
You headbutt Harold. You hit Harold but do no damage.
Your headbutt misses Harold.
Harold is heavily wounded.
Harold closely misses you.
Harold hits you with a +3 long sword of protection!
* * * LOW HITPOINT WARNING * * *
You hit Harold but do no damage.
Harold is heavily wounded.
Harold zaps a wand.
The bolt of acid hits you! You resist.
* * * LOW HITPOINT WARNING * * *
You are splashed with acid.
You resist.
You die...

...# ###..# # #....#
# #.##.#..# +
......# # ###....# #
# #......#.#
###############)@@.#
...............)..>#
#####.#######....#.#
#####.# #.####.#
....#.# #.# #
....#.#######.#
..............#
###...#########
###.###


You could see Harold.

Vanquished Creatures
  Pikel (D:5)
  A cyclops (D:7)
  Grinder (D:3)
  A steam dragon (D:7)
  Menkaure (D:4)
  An acid dragon (D:8)
  Duvessa (D:4)
  An ice beast (D:7)
  An orc warrior (D:7)
  A black bear (D:7)
  A necrophage (D:4)
  3 ogres
  A phantom (D:5)
  3 centaurs (D:7)
  2 bullfrogs (D:8)
  A scorpion (D:4)
  Dowan (D:4)
  13 wights
  A centaur zombie (D:6)
  An orc priest (D:4)
  2 bullfrog zombies
  2 centaur skeletons
  A gnoll shaman (D:5)
  2 hounds
  A bullfrog skeleton (D:5)
  2 iguanas
  Natasha (thrice) (D:4)
  An orc wizard (D:4)
  Robin (D:3)
  5 gnolls (D:5)
  8 adders
  A shadow imp (D:5)
  2 white imps
  An adder skeleton (D:4)
  3 dart slugs
  A worm (D:3)
  15 orcs
  2 ball pythons (D:1)
  6 endoplasms
  3 giant cockroaches (D:1)
  16 goblins
  11 hobgoblins
  3 jackals (D:2)
  4 bats
  6 frilled lizards
  9 kobolds
  5 rats
153 creatures vanquished.

Vanquished Creatures (others)
  An ufetubus (D:7)
  4 fungi (D:6)
  4 toadstools (D:6)
9 creatures vanquished.

Grand Total: 162 creatures vanquished

Notes
Turn   | Place    | Note
-------+----------+-------------------------------------------
     0 | Abyss:1  | st0uf the Minotaur Abyssal Knight began the quest for the
                  | Orb.
     0 | Abyss:1  | Reached XP level 1. HP: 19/19 MP: 1/1
     9 | Abyss:1  | Found a corrupted altar of Lugonu.
    28 | Abyss:1  | Noticed a hellwing
    35 | D:1      | Escaped the Abyss
   280 | D:1      | Reached XP level 2. HP: 18/27 MP: 2/2
   392 | D:1      | Found a faded altar of an unknown god.
   396 | D:1      | Reached * piety under Lugonu
  1118 | D:1      | Reached XP level 3. HP: 34/34 MP: 3/3
  1242 | D:2      | Reached skill level 3 in Axes
  1790 | D:2      | Found a runed translucent door.
  1791 | D:2      | Noticed Crazy Yiuf
  2073 | D:2      | Reached skill level 5 in Fighting
  2249 | D:3      | Reached XP level 4. HP: 42/42 MP: 4/4
  2436 | D:3      | Reached ** piety under Lugonu
  2744 | D:3      | Noticed Robin
  2763 | D:3      | Killed Robin
  2768 | D:3      | Reached skill level 1 in Shields
  2794 | D:3      | Noticed Grinder
  2828 | D:3      | Killed Grinder
  2829 | D:3      | Reached skill level 4 in Axes
  2829 | D:3      | Reached XP level 5. HP: 17/48 MP: 5/5
  2829 | D:3      | Reached XP level 6. HP: 19/56 MP: 6/6
  3213 | D:4      | Reached skill level 5 in Axes
  3266 | D:4      | Found Seeje's General Store.
  3529 | D:4      | Reached XP level 7. HP: 43/61 MP: 7/7
  3622 | D:4      | Found Jipojiuso's Antique Armour Boutique.
  3734 | D:4      | Found Gyuramu's Book Shop.
  3764 | D:4      | Reached skill level 6 in Axes
  3882 | D:4      | Found Wunayt's Magic Scroll Shoppe.
  3926 | D:4      | Found a staircase to the Ecumenical Temple.
  3932 | Temple   | Entered the Ecumenical Temple
  4107 | D:4      | Noticed Duvessa
  4108 | D:4      | Noticed Dowan
  4130 | D:4      | Killed Dowan
  4131 | D:4      | Reached skill level 5 in Armour
  4166 | D:4      | HP: 1/61 [Duvessa/+0 short sword (3)]
  4167 | D:4      | Killed Duvessa
  4508 | D:4      | Noticed Natasha
  4511 | D:4      | Killed Natasha
  4515 | D:4      | Found Jooczuf's Weapon Boutique.
  4541 | D:4      | Noticed Menkaure
  4549 | D:4      | Killed Menkaure
  4550 | D:4      | Reached skill level 7 in Axes
  4650 | D:4      | Noticed Natasha
  4656 | D:4      | Killed Natasha
  4665 | D:4      | Noticed Natasha
  4670 | D:4      | Killed Natasha
  4682 | D:5      | Entered Level 5 of the Dungeon
  4729 | D:5      | Reached XP level 8. HP: 70/70 MP: 8/8
  4915 | D:5      | Reached skill level 1 in Stealth
  5072 | D:5      | Noticed Pikel
  5100 | D:5      | Killed Pikel
  5101 | D:5      | Reached skill level 8 in Axes
  5364 | D:6      | Found a radiant altar of Vehumet.
  5400 | D:5      | Reached skill level 9 in Axes
  5514 | D:5      | Reached *** piety under Lugonu
  5808 | D:6      | Found a hazy altar of Hepliaklqana.
  5816 | D:6      | Found a sparkling altar of Nemelex Xobeh.
  5821 | D:6      | Found a blossoming altar of Fedhas.
  5821 | D:6      | Found a glowing silver altar of Zin.
  5968 | D:6      | Reached XP level 9. HP: 37/78 MP: 10/10
  6287 | D:6      | Found a hide-covered altar of Uskayaw.
  6726 | D:7      | Noticed a cyclops
  6737 | D:7      | Killed a cyclops
  6738 | D:7      | Reached skill level 10 in Axes
  7457 | D:4      | Bought a +3 broad axe of flaming for 314 gold pieces
  7741 | D:8      | Reached skill level 5 in Invocations
  7922 | D:8      | Found a staircase to the Lair.
  8036 | D:8      | Noticed Harold
  8052 | D:8      | Splashed by Harold's acid

Illustrated notes

Levels and vault maps discovered:
D:1:      lightli_arrival_statue_moat, layout_basic, basic_ecumenical_altar
D:2:      layout_loops_ring, uniq_crazy_yiuf_cottage
D:3:      layout_basic, kennysheep_generic_room_3, uniq_robin, uniq_grinder
D:4:      layout_layer_cave, temple_green, serial_shops, shop, shop_statue,
          shop, kennysheep_mini, shop_fountains, uniq_natasha, uniq_duvessa,
          uniq_menkaure
D:5:      layout_basic, uniq_pikel
D:6:      layout_cave_pools, grunt_temple_overflow_open, fiery_altar_vehumet,
          lemuel_coloured_pillars_altar, minmay_misc_feat_cross,
          minmay_gold_behind_fungi
D:7:      layout_gridville, minmay_manual_mares
D:8:      layout_basic, general_overflow_altar, lair_entry_dummy, uniq_harold
Temple:   eino_wide_crystal_templ

Skill      XL: |  1  2  3  4  5  6  7  8  9 |
---------------+----------------------------+-----
Fighting       | 4 5 6 7 |  7.6
Axes           | 3 4 5 7 9 10 | 10.9
Armour         | 4 5 6 7 |  7.4
Dodging        | 2 3 4 |  4.3
Shields        | 1 2 3 4 |  4.3
Stealth        | 1 |  1.8
Invocations    | 3 5 |  5.0

Action                   |  1- 3 |  4- 6 |  7- 9 || total
-------------------------+-------+-------+-------++-------
Melee: Hand axe          |   111 |     4 |       ||   115
       Headbutt          |    10 |    14 |    62 ||    86
       War axe           |       |   110 |   211 ||   321
       Broad axe         |       |       |    49 ||    49
Invok: Depart the Abyss  |     1 |       |       ||     1
  Use: Potion            |       |       |     3 ||     3
Armor: Leather armour    |     8 |       |       ||     8
       Ring mail         |    42 |    59 |    96 ||   197
Dodge: Dodged            |    61 |    45 |   141 ||   247
Block: Other             |     9 |    30 |    50 ||    89
       Reflection        |     1 |       |     3 ||     4

Table legend: (Time is in decaauts)
 A = Elapsed time spent in this place.
 B = Non-inter-level travel time spent in this place.
 C = Inter-level travel time spent in this place.
 D = Time resting spent in this place.
 E = Time spent auto-exploring this place.
 F = Levels seen in this place.
 G = Mean time per level.
                   A        B        C        D        E       F      G
               +--------+--------+--------+--------+--------+-----+--------+
         Total |   8129 |   7836 |    293 |   1281 |   5061 |  10 |  812.9 |
       Dungeon |   8092 |   7799 |    293 |   1281 |   5061 |   8 | 1011.5 |
        Temple |      1 |      1 |      0 |      0 |      0 |   1 |    1.0 |
         Abyss |     35 |     35 |      0 |      0 |      0 |   1 |   35.0 |
               +--------+--------+--------+--------+--------+-----+--------+

Top non-repeatable levels by time:
     D:4: 1548 daAuts
     D:1: 1179 daAuts
     D:2: 1039 daAuts
     D:7: 1014 daAuts
     D:3: 982 daAuts
     D:6: 967 daAuts
     D:5: 894 daAuts
     D:8: 466 daAuts
 Abyss:1: 35 daAuts
  Temple: 1 daAuts
